 Dungeon Sprint DCSS version 0.28.0-53-g5a82cb258f (webtiles) character file.

Game seed: 10227863243570466678

149327 Groucho the Eclecticist (level 17, -19/164 HPs)
             Began as a Naga Fighter on July 19, 2022.
             Was a High Priest of Cheibriados.
             Demolished by Cerebov
             ... wielding the +6 sword of Cerebov {flame}
              (65 damage)
             ... in the Dungeon (Sprint VII: "The Pits").
             The game lasted 00:39:05 (14970 turns).

Groucho the Eclecticist (Naga Fighter)             Turns: 14970, Time: 00:39:06

Health: -19/164    AC: 33    Str: 34 (35) XL:     17   Next: 21%
Magic:  28/37      EV: 15    Int: 25 (26) God:    Cheibriados [*****.]
Gold:   167        SH: 23    Dex: 27 (28) Spells: 46/56 levels left

rFire   + + .      SeeInvis +   R - +9 broad axe (drain)
rCold   + + .      Faith    .   D - +2 kite shield {AC+3}
rNeg    . . .      Spirit   .   F - +8 gold dragon scales
rPois   +          Reflect  +   (no helmet)
rElec   +          Harm     .   (no cloak)
rCorr   +          Rampage  .   I - +0 pair of gloves of Kleptomania {rF+ Str+3 Dex+5}
Will    ++...      NoTele   +   (no barding)
Stlth   ..........              g - amulet "Meupi" {Reflect rElec rF+ SH+5}
HPRegen 0.00/turn               N - ring "Zoeggos" {rElec rC+ rCorr Slay+5}
MPRegen 0.25/turn               P - ring of Huelih {rPois rF+ Str+2 Slay+5}

@: fire vulnerable, inhibited regen, very slow
A: AC +5, large, see invisible, deformed body, poison resistance, slowness 2,
spit poison 1, naga tail 2, deterioration 1, dopey 1, frail 1, low MP 1,
inhibited regeneration, weak 2
}: 1/3 runes: silver
a: Spit Poison, Renounce Religion, Bend Time, Temporal Distortion, Slouch, Step
From Time


You were in the Dungeon.
You worshipped Cheibriados.
Cheibriados was extremely pleased with you.
You visited 1 branch You collected 167 gold pieces.

Inventory:

Hand Weapons
 r - a +6 demon whip
 H - the +9 lance "Wyrmbane" {slay drac, rPois rF+ rC+ AC+3}
   (You found it in the Dungeon)

   It inflicts extra damage against dragons and draconians.
   AC:        It affects your AC (+3).
   rF:        It protects you from fire.
   rC:        It protects you from cold.
   rPois:     It protects you from poison.
 R - a +9 broad axe of draining (weapon)
 T - the +9 broad axe of Pyromania {antimagic, Str+2}
   (You found it in the Dungeon)

   It reduces the magical energy of the wielder, and disrupts the spells and
   magical abilities of those it strikes.
   Natural abilities and divine invocations are not affected.
   Str:       It affects your strength (+2).
Missiles
 c - 9 silver javelins
 k - a throwing net
 o - 169 stones
 y - 8 poisoned darts (quivered)
Armour
 A - a +2 helmet
 D - a +2 kite shield of protection (worn)
 F - +8 gold dragon scales (worn)
 G - a +1 pair of gloves
 I - the +0 pair of gloves of Kleptomania (worn) {rF+ Str+3 Dex+5}
   (You found it in the Dungeon)

   Str:       It affects your strength (+3).
   Dex:       It affects your dexterity (+5).
   rF:        It protects you from fire.
 Q - quicksilver dragon scales
Jewellery
 b - a +3 ring of intelligence
 d - a +3 ring of dexterity
 g - the amulet "Meupi" (around neck) {Reflect rElec rF+ SH+5}
   (You found it in the Dungeon)

   [amulet of reflection]

   It reflects blocked missile attacks.
   rF:        It protects you from fire.
   rElec:     It insulates you from electricity.
   SH:        It affects your SH (+5).
 j - the ring "Mapeec" {rN+ Int+5 Dex+6 Stlth-}
   (You found it in the Dungeon)

   [ring of dexterity]

   Int:       It affects your intelligence (+5).
   Dex:       It affects your dexterity (+6).
   rN:        It protects you from negative energy.
   Stlth:     It makes you less stealthy.
 t - a ring of wizardry
 u - a ring of resist corrosion
 E - an amulet of the acrobat
 J - the ring of Xuomac {rPois rN++ Will+ Str-2 Slay+2}
   (You found it in the Dungeon)

   [ring of willpower]

   Str:       It affects your strength (-2).
   Slay:      It affects your accuracy & damage with ranged weapons and melee
   (+2).
   rPois:     It protects you from poison.
   rN:        It greatly protects you from negative energy.
   Will:      It increases your willpower.
 K - a +5 ring of slaying
 N - the ring "Zoeggos" (left hand) {rElec rC+ rCorr Slay+5}
   (You found it in the Dungeon)

   [ring of protection from cold]

   Slay:      It affects your accuracy & damage with ranged weapons and melee
   (+5).
   rC:        It protects you from cold.
   rElec:     It insulates you from electricity.
   rCorr:     It protects you from acid and corrosion.
 O - a ring "Meg Ywn" {rF++ rN+ Will+ Str+3}
   (You found it in the Dungeon)

   [ring of positive energy]

   Str:       It affects your strength (+3).
   rF:        It greatly protects you from fire.
   rN:        It protects you from negative energy.
   Will:      It increases your willpower.
 P - the ring of Huelih (right hand) {rPois rF+ Str+2 Slay+5}
   (You found it in the Dungeon)

   [ring of slaying]

   Str:       It affects your strength (+2).
   Slay:      It affects your accuracy & damage with ranged weapons and melee
   (+5).
   rF:        It protects you from fire.
   rPois:     It protects you from poison.
 S - a +6 ring of dexterity
 U - a ring of protection from cold
Wands
 s - a wand of polymorph (9)
 L - a wand of charming (5)
 M - a wand of flame (9)
Scrolls
 m - 5 scrolls of amnesia
 n - a scroll of summoning
 p - 5 scrolls of enchant armour
 q - 2 scrolls of blinking
 v - a scroll of magic mapping
 x - 8 scrolls of identify
 z - 3 scrolls of fear
 B - 3 scrolls of fog
Potions
 a - 2 potions of brilliance
 e - 9 potions of curing
 f - 11 potions of heal wounds
 h - 5 potions of magic
 i - 6 potions of berserk rage
 l - 2 potions of invisibility
 w - 9 potions of mutation
 C - 4 potions of might
 V - a potion of flight


   Skills:
 + Level 19.2 Fighting
 - Level 18.0 Axes
 + Level 16.4 Armour
 + Level 14.9 Dodging
 + Level 16.4 Shields
 + Level 20.1 Spellcasting
 + Level 12.7 Summonings
 * Level 16.0 Translocations
 + Level 11.6 Fire Magic
 + Level 11.6 Ice Magic
 - Level 6.9 Poison Magic
 - Level 14.0 Invocations


You had 46 spell levels left.
You knew the following spells:

 Your Spells              Type           Power      Damage    Failure   Level
a - Manifold Assault      Tloc           81%        N/A       1%          5
b - Blink                 Tloc           100%       N/A       1%          2
c - Lesser Beckoning      Tloc           81%        N/A       1%          3

Your spell library contained the following spells:

 Spells                   Type           Power      Damage    Failure   Level
 Gell's Gravitas          Tloc           81%        N/A       1%          3
 Teleport Other           Tloc           81%        N/A       1%          3
 Ensorcelled Hibernation  Hex/Ice        100%       N/A       3%          2
 Sting                    Tmut/Pois      100%       1d8       6%          1
 Conjure Flame            Conj/Fire      52%        6-21      8%          3
 Inner Flame              Hex/Fire       52%        N/A       8%          3
 Poisonous Vapours        Pois/Air       84%        N/A       10%         2
 Iskenderun's Mystic Bla  Conj/Tloc      60%        2d13      10%         4
 Olgreb's Toxic Radiance  Pois           56%        N/A       16%         4
 Spider Form              Tmut/Pois      42%        N/A       19%         3
 Animate Armour           Summ/Erth      100%       N/A       21%         4
 Flame Wave               Conj/Fire      52%        2d11      24%         4
 Magic Dart               Conj           100%       1d8       26%         1
 Shock                    Conj/Air       100%       1d9       26%         1
 Corpse Rot               Necr/Air       50%        N/A       38%         2
 Passwall                 Tmut/Erth      20%        N/A       38%         2
 Searing Ray              Conj           50%        2d6       38%         2
 Stone Arrow              Conj/Erth      50%        3d10      63%         3
 Swiftness                Air            25%        N/A       63%         3
 Freezing Cloud           Conj/Ice/Air   22%        6-21      83%         5
 Alistair's Intoxication  Tmut/Pois      28%        N/A       87%         5
 Ozocubu's Refrigeration  Ice            35%        4d12      88%         7
 Airstrike                Air            12%        N/A       95%         4
 Cause Fear               Hex            12%        N/A       95%         4
 Fulminant Prism          Conj/Hex       12%        3d9       95%         4
 Leda's Liquefaction      Hex/Erth       12%        N/A       95%         4
 Petrify                  Tmut/Erth      25%        N/A       95%         4
 Blade Hands              Tmut           12%        N/A       100%        5
 Borgnjor's Vile Clutch   Necr/Erth      12%        N/A       100%        5
 Lee's Rapid Deconstruct  Erth           12%        3d10*     100%        5
 Conjure Ball Lightning   Conj/Air       12%        3x3d6     100%        6
 Eringya's Noxious Bog    Tmut/Pois      21%        N/A       100%        6
 Iron Shot                Conj/Erth      12%        9d3       100%        6
 Haunt                    Necr/Summ      27%        N/A       100%        7
 Discord                  Hex            12%        N/A       100%        8
 Ignition                 Fire           35%        3d11      100%        8
 Dragon's Call            Summ           36%        N/A       100%        9


Dungeon Overview and Level Annotations

Branches:
Dungeon (1/1)

Altars:
Ashenzari
Cheibriados
Dithmenos
Elyvilon
Fedhas
Gozag
Hepliaklqana
Kikubaaqudgha
Makhleb
Nemelex Xobeh
Okawaru
Qazlal
Ru
Sif Muna
Trog
Uskayaw
Vehumet
Wu Jian
Xom
Yredelemnul
Zin
The Shining One
Beogh
Jiyva
Lugonu

Annotations:
D Cerebov


Innate Abilities, Weirdness & Mutations

Your serpentine skin is tough. (AC +5)
You have supernaturally acute eyesight. (SInv)
Armour fits poorly on your strangely shaped body.
Your system is resistant to poisons. (rPois)
You cover ground very slowly.
You can spit poison.
You can use your snake-like lower body to constrict enemies.
Your body sometimes deteriorates upon taking damage.
You are dopey. (Int -2)
You are frail. (-10% HP)
Your magical capacity is low. (-10% MP)
You do not regenerate when monsters are visible.
You are very weak. (Str -4)


Message History

Unknown command.
You feel much better. Cerebov hits you but does no damage.
The balrug gestures at you.
The bolt of fire hits Cerebov.
Cerebov completely resists.
The bolt of fire hits you. You resist. The hellion gestures at you.
The sphere of damnation explodes!
The damnation engulfs you!!
* * * LOW HITPOINT WARNING * * *
The damnation engulfs Cerebov.
Cerebov completely resists.
The damnation engulfs the hellion.
The hellion completely resists.
The hellion gestures at you.
The sphere of damnation explodes!
The damnation engulfs you!!
* * * LOW HITPOINT WARNING * * *
The damnation engulfs Cerebov.
Cerebov completely resists.
The damnation engulfs the hellion.
The hellion completely resists.
You block Cerebov's attack. The balrug gestures at you. Something smites you!
* * * LOW HITPOINT WARNING * * *
You feel much better. Cerebov hits you but does no damage.
You block the hellion's attack.
Unknown command.
You feel much better. You block Cerebov's attack. The hellion gestures at you.
The sphere of damnation explodes!
The damnation engulfs you!
The damnation engulfs Cerebov.
Cerebov completely resists.
The damnation engulfs the hellion.
The hellion completely resists.
The balrug gestures at you. Something smites you!
* * * LOW HITPOINT WARNING * * *
You block Cerebov's attack.
You feel much better. The hellion gestures at you.
The sphere of damnation explodes!
The damnation engulfs you!!
* * * LOW HITPOINT WARNING * * *
Your body deteriorates!
You feel clumsy.
The damnation engulfs Cerebov.
Cerebov completely resists.
The damnation engulfs the hellion.
The hellion completely resists.
Cerebov hits you with the +6 sword of Cerebov {flame}!!!
You die...

##..#..#..... #'# ##')#)'#..# #.#
##....)...# #'# ##........# #.#
##..#..#..# #'# ##..)).)..# #.#
##...)....# #'#
##''#''#..###########..# #.#
''..#..#.......○@&2d...# #'#
''..#..#.........222...# #.#
######################## #'#
###############################'#
..).............................#
..[....................)...).)..#
##############[)##############).#
#))'...'))#..))))..#[['...'[.#..#
#.)#...#))#...)))..#.[#...#[[#..#


You could see Cerebov (fast), a red draconian, 2 balrugs and 2 hellions.

Vanquished Creatures
  the Lernaean hydra (D)
  A profane servitor (D)
  A bone dragon (D)
  2 pandemonium lords (D)
  An Ice Fiend (D)
  A lich (D)
  2 tentacled monstrosities (D)
  A titan (D)
  A quicksilver dragon (D)
  2 acid blobs (D)
  2 sphinxes (D)
  A daeva (D)
  A rockslime (D)
  2 orc warlords (D)
  7 nagarajas (D)
  An emperor scorpion (D)
  2 frost giants (D)
  A balrug (D)
  A draconian knight (D)
  3 deep elf sorcerers (D)
  An angel (D)
  2 ghouls (D)
  A draconian scorcher (D)
  A ghost moth (D)
  3 cacodemons (D)
  2 draconian annihilators (D)
  A spriggan defender (D)
  2 stone giants (D)
  3 green draconians (D)
  2 deep elf demonologists (D)
  A deep elf annihilator (D)
  A vampire knight (D)
  2 minotaurs (D)
  A red draconian (D)
  3 purple draconians (D)
  2 black draconians (D)
  A blizzard demon (D)
  3 white draconians (D)
  2 yellow draconians (D)
  4 ettins (D)
  A merfolk javelineer (D)
  2 deep elf death magi (D)
  A mummy priest (D)
  A fire dragon (D)
  5 vault guards (D)
  A rakshasa (D)
  2 great orbs of eyes (D)
  5 naga warriors (D)
  3 hydras (D)
  A spriggan air mage (D)
  An ogre mage (D)
  Harold (D)
  An ice dragon (D)
  2 merfolk avatars (D)
  A death knight (D)
  A catoblepas (D)
  A boulder beetle (D)
  11 two-headed ogres (D)
  A spriggan berserker (D)
  2 deep elf knights (D)
  Sonja (D)
  3 skeletal warriors (D)
  A salamander mystic (D)
  4 iron trolls (D)
  A shadow wraith (D)
  11 deep trolls (D)
  A deep troll (shapeshifter) (D)
  A naga ritualist (D)
  3 wizards (D)
  2 sea snakes (D)
  A phantasmal warrior (D)
  12 orc knights (D)
  A necromancer (D)
  A deep elf pyromancer (D)
  A glowing shapeshifter (D)
  An orc sorcerer (D)
  A manticore (D)
  3 ugly things (D)
  2 salamanders (D)
  3 cyclopes (D)
  2 naga magi (D)
  2 elephants (D)
  An eye of devastation (D)
  2 smoke demons (D)
  A cane toad (D)
  A kobold demonologist (D)
  A gargoyle (D)
  A hellion (D)
  A rime drake (D)
  A demonic crawler (D)
  A komodo dragon (D)
  2 ice devils (D)
  A hellwing (D)
  A guardian mummy (D)
  A polar bear (D)
  18 trolls (D)
  3 merfolk (D)
  3 hornets (D)
  4 blink frogs (D)
  7 dream sheep (D)
  3 air elementals (D)
  A flying skull (D)
  2 jumping spiders (D)
  2 shadows (D)
  2 spriggans (D)
  A jumping spider (shapeshifter) (D)
  2 ynoxinuls (D)
  A vampire (D)
  A wraith (D)
  2 water elementals (D)
  3 fire elementals (D)
  A fire bat (D)
  A steam dragon (D)
  3 chaos spawn (D)
  A neqoxec (D)
  2 redbacks (D)
  5 nagas (D)
  2 water moccasins (D)
  An ice beast (D)
  2 swamp drakes (D)
  3 sky beasts (D)
  3 orc warriors (D)
  5 necrophages (D)
  A small abomination (D)
  A wolf (D)
  8 ogres (D)
  2 centaurs (D)
  3 earth elementals (D)
  A jelly (D)
  An iron imp (D)
  An adder (D)
  A white imp (D)
  3 adder skeletons (D)
  A worm (D)
  7 orcs (D)
  A bat zombie (D)
  An endoplasm (D)
  2 goblins (D)
  8 jackals (D)
  A quokka (D)
  A ball python (D)
  2 ball python skeletons (D)
  A ball python zombie (D)
  3 bats (D)
  A bat simulacrum (D)
  A giant cockroach zombie (D)
  A jackal zombie (D)
  A quokka simulacrum (D)
  A quokka skeleton (D)
328 creatures vanquished.

Notes
Turn   | Place    | Note
-------+----------+-------------------------------------------
     0 | D        | Groucho the Naga Fighter began the quest for the Orb.
     0 | D        | Reached XP level 1. HP: 21/21 MP: 1/1
    41 | D        | Found a bloodstained altar of Trog.
    41 | D        | Found a shimmering blue altar of Sif Muna.
    41 | D        | Found a viscous altar of Jiyva.
    41 | D        | Found a hazy altar of Hepliaklqana.
    41 | D        | Found an opulent altar of Gozag.
    42 | D        | Found a glowing golden altar of the Shining One.
    42 | D        | Found a glowing silver altar of Zin.
    42 | D        | Found a basalt altar of Yredelemnul.
    42 | D        | Found a shimmering altar of Xom.
    42 | D        | Found an ornate altar of the Wu Jian Council.
    42 | D        | Found a sacrificial altar of Ru.
    42 | D        | Found a stormy altar of Qazlal.
    42 | D        | Found an iron altar of Okawaru.
    42 | D        | Found a sparkling altar of Nemelex Xobeh.
    42 | D        | Found a burning altar of Makhleb.
    42 | D        | Found a blossoming altar of Fedhas.
    42 | D        | Found a white marble altar of Elyvilon.
    42 | D        | Found a shadowy altar of Dithmenos.
    42 | D        | Found a snail-covered altar of Cheibriados.
    44 | D        | Found a radiant altar of Vehumet.
    44 | D        | Found a corrupted altar of Lugonu.
    45 | D        | Found a hide-covered altar of Uskayaw.
    45 | D        | Found an ancient bone altar of Kikubaaqudgha.
    45 | D        | Found a broken altar of Ashenzari.
    53 | D        | Became a worshipper of Cheibriados the Contemplative
    74 | D        | Reached * piety under Cheibriados
    85 | D        | Reached ** piety under Cheibriados
    86 | D        | Reached XP level 2. HP: 24/28 MP: 2/2
    94 | D        | Reached *** piety under Cheibriados
    97 | D        | Reached skill level 1 in Invocations
    99 | D        | Reached **** piety under Cheibriados
   104 | D        | Reached ***** piety under Cheibriados
   257 | D        | Noticed a flying skull
   264 | D        | Noticed a necrophage
   275 | D        | Killed a flying skull
   276 | D        | Reached skill level 5 in Fighting
   276 | D        | Reached skill level 5 in Axes
   276 | D        | Reached XP level 3. HP: 37/40 MP: 3/6
   276 | D        | Reached XP level 4. HP: 44/48 MP: 3/7
   276 | D        | Reached XP level 5. HP: 50/55 MP: 3/8
   282 | D        | Reached ****** piety under Cheibriados
   285 | D        | Reached skill level 5 in Armour
   285 | D        | Reached skill level 5 in Shields
   285 | D        | Reached skill level 5 in Invocations
   289 | D        | Reached XP level 6. HP: 52/62 MP: 4/10
   293 | D        | Killed a necrophage
   302 | D        | Noticed an ice beast
   305 | D        | Killed an ice beast
   520 | D        | Noticed a gargoyle
   526 | D        | Killed a gargoyle
   527 | D        | Reached XP level 7. HP: 40/73 MP: 5/12
   980 | D        | Reached XP level 8. HP: 81/81 MP: 7/14
  1124 | D        | Noticed a two-headed ogre
  1126 | D        | Noticed a manticore
  1127 | D        | Reached skill level 1 in Spellcasting
  1129 | D        | Killed a two-headed ogre
  1129 | D        | Killed a manticore
  1130 | D        | Reached skill level 4 in Spellcasting
  1130 | D        | Reached skill level 10 in Invocations
  1130 | D        | Reached XP level 9. HP: 28/91 MP: 4/16
  1481 | D        | Noticed a demonic crawler
  1481 | D        | Noticed Harold
  1485 | D        | Killed a demonic crawler
  1491 | D        | Killed Harold
  1492 | D        | Reached skill level 10 in Axes
  1492 | D        | Reached skill level 5 in Spellcasting
  2069 | D        | Reached skill level 10 in Fighting
  2069 | D        | Reached skill level 6 in Spellcasting
  2069 | D        | Reached XP level 10. HP: 96/102 MP: 12/19
  2479 | D        | Noticed an elephant
  2486 | D        | Killed an elephant
  2838 | D        | Noticed a phantasmal warrior
  2840 | D        | Reached skill level 7 in Spellcasting
  2847 | D        | Killed a phantasmal warrior
  3286 | D        | Noticed a shadow wraith
  3289 | D        | Killed a shadow wraith
  3561 | D        | Noticed a kobold demonologist
  3561 | D        | Noticed a boulder beetle
  3563 | D        | Killed a kobold demonologist
  3564 | D        | Killed a boulder beetle
  3565 | D        | Reached skill level 5 in Dodging
  3565 | D        | Reached skill level 8 in Spellcasting
  3565 | D        | Reached XP level 11. HP: 105/110 MP: 6/23
  3871 | D        | Noticed a wizard
  3878 | D        | Killed a wizard
  4123 | D        | Noticed Sonja
  4124 | D        | Noticed an orc knight
  4124 | D        | Noticed an orc sorcerer
  4125 | D        | Killed Sonja
  4126 | D        | Killed an orc sorcerer
  4127 | D        | Reached skill level 9 in Spellcasting
  4129 | D        | Killed an orc knight
  4321 | D        | Noticed a sea snake
  4330 | D        | Killed a sea snake
  4341 | D        | Noticed a great orb of eyes
  4344 | D        | Reached skill level 10 in Spellcasting
  4348 | D        | Reached XP level 12. HP: 99/121 MP: 15/26
  4360 | D        | Killed a great orb of eyes
  4361 | D        | Reached skill level 10 in Shields
  4362 | D        | Reached skill level 10 in Armour
  4951 | D        | Noticed a naga warrior
  4964 | D        | Killed a naga warrior
  5765 | D        | Reached skill level 11 in Spellcasting
  5815 | D        | Noticed a minotaur
  5815 | D        | Noticed an orc warlord
  5815 | D        | Noticed an orc warlord
  5824 | D        | Killed a minotaur
  5825 | D        | Reached skill level 15 in Axes
  5825 | D        | Reached skill level 12 in Spellcasting
  5826 | D        | Killed an orc warlord
  5826 | D        | Killed an orc warlord
  6291 | D        | Noticed a vault guard
  6292 | D        | Noticed a naga warrior
  6303 | D        | Killed a vault guard
  6310 | D        | Noticed a deep elf knight
  6312 | D        | Killed a naga warrior
  6313 | D        | Gained mutation: You can use your snake-like lower body to
                  | constrict enemies. [Naga growth]
  6313 | D        | Reached XP level 13. HP: 58/130 MP: 29/29
  6687 | D        | Noticed a vault guard
  6687 | D        | Gained mutation: You are dopey. (Int -2) [a neqoxec]
  6691 | D        | Killed a vault guard
  6692 | D        | Reached skill level 13 in Spellcasting
  6846 | D        | Noticed a vault guard
  6847 | D        | Noticed a vault guard
  6852 | D        | Killed a vault guard
  6854 | D        | Killed a vault guard
  6859 | D        | Noticed a naga warrior
  6866 | D        | Killed a naga warrior
  6897 | D        | Found the +8 lance "Wyrmbane" {slay drac, rPois rF+ rC+
                  | AC+3}
  7086 | D        | Noticed a stone giant
  7086 | D        | Noticed a frost giant
  7086 | D        | Noticed a yellow draconian
  7089 | D        | Killed a yellow draconian
  7090 | D        | Killed a stone giant
  7090 | D        | Killed a frost giant
  7091 | D        | Reached skill level 14 in Spellcasting
  7093 | D        | Got the Papyrus of Changing and Weightlessness
  7179 | D        | Noticed a vampire knight
  7200 | D        | Killed a vampire knight
  7208 | D        | Noticed a red draconian scorcher
  7214 | D        | Killed a red draconian scorcher
  7218 | D        | Noticed a naga warrior
  7225 | D        | Identified the +5 plate armour "Horyij" {rF+}
  7227 | D        | Killed a naga warrior
  7231 | D        | Noticed a nagaraja
  7232 | D        | Noticed a mummy priest
  7233 | D        | Reached skill level 15 in Spellcasting
  7241 | D        | Killed a nagaraja
  7242 | D        | Reached skill level 10 in Dodging
  7242 | D        | Reached XP level 14. HP: 40/145 MP: 11/33
  7793 | D        | Got the +0 pair of gloves of Kleptomania {rF+ Str+3 Dex+5}
  7897 | D        | Noticed a yellow draconian
  7899 | D        | Noticed a deep elf sorcerer
  7908 | D        | Killed a deep elf sorcerer
  7912 | D        | Killed a yellow draconian
  7913 | D        | Reached skill level 16 in Spellcasting
  7915 | D        | Noticed a sphinx
  7922 | D        | Killed a sphinx
  7923 | D        | Reached skill level 15 in Fighting
  7926 | D        | Noticed a deep elf annihilator
  7926 | D        | Noticed a lich
  7926 | D        | Noticed a white draconian
  7926 | D        | Noticed a sphinx
  7932 | D        | Killed a deep elf annihilator
  7933 | D        | Noticed a black draconian
  7933 | D        | Noticed a nagaraja
  7933 | D        | Noticed a deep elf sorcerer
  7940 | D        | Killed a deep elf sorcerer
  7941 | D        | Killed a black draconian
  7942 | D        | Killed a nagaraja
  7942 | D        | Killed a sphinx
  7946 | D        | Got the Collected Works on the Supportive Arsonist
  7949 | D        | Noticed a nagaraja
  7951 | D        | Noticed a spriggan defender
  7958 | D        | HP: 5/147 [ghostly fire dragon/blast of flame (5)]
  7971 | D        | Killed a spriggan defender
  7972 | D        | Reached skill level 17 in Spellcasting
  7976 | D        | Reached skill level 1 in Summonings
  7976 | D        | Reached skill level 1 in Poison Magic
  7977 | D        | Killed a lich
  7982 | D        | Killed a white draconian
  7996 | D        | Killed a nagaraja
  7997 | D        | Reached skill level 5 in Poison Magic
  8197 | D        | Paralysed by an air elemental for 1 turns
  8245 | D        | Noticed a deep elf demonologist
  8246 | D        | Noticed a frost giant
  8247 | D        | Killed a deep elf demonologist
  8261 | D        | Killed a frost giant
  8280 | D        | Noticed a yellow draconian annihilator
  8282 | D        | Noticed a green draconian
  8287 | D        | Killed a yellow draconian annihilator
  8288 | D        | Reached skill level 5 in Summonings
  8293 | D        | Killed a green draconian
  8777 | D        | Got Sif Muna's Tome of Destructive Clay
  8792 | D        | Got Magic Continued
  8808 | D        | Got the ring "Lokhlir" {rF+ SInv}
  8811 | D        | Got the ring of Dogma {Fly Int+6}
  8814 | D        | Got the ring "Tewkir" {Wiz Str+2}
  8817 | D        | Got the ring "Mapeec" {rN+ Int+5 Dex+6 Stlth-}
  8819 | D        | Got the ring "Dyxutal" {*Corrode *Slow rElec rF+ rC+++}
  8822 | D        | Got the ring of Cuull {Ice rPois Will+ Str+5}
  8825 | D        | Got the ring of Wishful Thinking {rN+ Str+6}
  8828 | D        | Got the ring "Popp" {rElec rF+ Str-3 Int+5 SInv}
  8831 | D        | Got the ring of Xuomac {rPois rN++ Will+ Str-2 Slay+2}
  8833 | D        | Got the ring of Vuiwups {rPois Will+ Int+5 Dex-2}
  8836 | D        | Got the ring "Ceubbiuj" {rC++ Str-2 SInv}
  8841 | D        | Got the ring "Gymuficw" {Wiz rC- Str+7 Stlth+}
  8883 | D        | Got the amulet "Meupi" {Reflect rElec rF+ SH+5}
  8885 | D        | Got the amulet of Lock {Spirit -Tele Str+4 Slay+2}
  8888 | D        | Got the amulet of Suavoi Dean {Faith Int+6 SInv}
  8891 | D        | Got the amulet of Rios Jomacs {Reflect Dex+4 SH+5}
  8894 | D        | Got the amulet of Vuafrafu {Reflect SH+5 Stlth+}
  8897 | D        | Got the ring "Zoeggos" {rElec rC+ rCorr Slay+5}
  8899 | D        | Got the amulet "Reqump" {Reflect rN+++ Will- rCorr Int-2
                  | SH+5}
  8902 | D        | Got a ring "Meg Ywn" {rF++ rN+ Will+ Str+3}
  8904 | D        | Got the amulet of Joefiog {Spirit rPois rF++ Int-2 Dex+2}
  8907 | D        | Got the ring of Mirth {Ice Contam Dex+2 SInv}
  8910 | D        | Got the ring of Huelih {rPois rF+ Str+2 Slay+5}
  8912 | D        | Got the amulet of Gigine {Faith rCorr Str-3 Int+4 Dex+2}
  9018 | D        | Noticed Adopenoh the pandemonium lord
  9027 | D        | Killed Adopenoh the pandemonium lord
  9028 | D        | Reached skill level 1 in Translocations
  9028 | D        | Reached skill level 1 in Fire Magic
  9028 | D        | Reached skill level 1 in Ice Magic
  9381 | D        | Noticed a rockslime
  9392 | D        | Killed a rockslime
  9393 | D        | Reached XP level 15. HP: 144/157 MP: 36/36
  9396 | D        | Noticed an Ice Fiend
  9401 | D        | Killed an Ice Fiend
  9827 | D        | Noticed a cacodemon
  9827 | D        | Gained mutation: Your magical capacity is low. (-10% MP) [a
                  | cacodemon]
  9831 | D        | Killed a cacodemon
  9834 | D        | Noticed a tentacled monstrosity
  9839 | D        | Killed a tentacled monstrosity
 10254 | D        | Noticed an angel
 10254 | D        | Noticed Meemathrine the pandemonium lord
 10254 | D        | Noticed a nagaraja
 10254 | D        | Noticed a ghoul
 10254 | D        | Noticed a ghoul
 10258 | D        | Killed an angel
 10259 | D        | Reached skill level 5 in Translocations
 10259 | D        | Killed Meemathrine the pandemonium lord
 10260 | D        | Reached skill level 18 in Spellcasting
 10260 | D        | Killed a ghoul
 10260 | D        | Killed a ghoul
 10260 | D        | Killed a nagaraja
 10732 | D        | Reached skill level 5 in Ice Magic
 10736 | D        | Reached skill level 5 in Fire Magic
 11237 | D        | Paralysed by an air elemental for 1 turns
 11517 | D        | Noticed a quicksilver dragon
 11524 | D        | Killed a quicksilver dragon
 11525 | D        | Noticed a cacodemon
 11528 | D        | Noticed an acid blob
 11537 | D        | Killed an acid blob
 11537 | D        | Gained mutation: You are weak. (Str -2) [a cacodemon]
 11538 | D        | Gained mutation: You are frail. (-10% HP) [a cacodemon]
 11538 | D        | Gained mutation: You do not regenerate when monsters are
                  | visible. [a cacodemon]
 11539 | D        | Killed a cacodemon
 11543 | D        | Paralysed by an air elemental for 1 turns
 11958 | D        | Noticed a deep elf sorcerer
 11962 | D        | Killed a deep elf sorcerer
 12358 | D        | Paralysed by a great orb of eyes for 7 turns
 12368 | D        | Reached skill level 10 in Translocations
 12723 | D        | Noticed an emperor scorpion
 12723 | D        | Noticed a nagaraja
 12727 | D        | Killed an emperor scorpion
 12727 | D        | Killed a nagaraja
 12728 | D        | Reached XP level 16. HP: 135/152 MP: 14/34
 12728 | D        | Noticed a daeva
 12729 | D        | Noticed a profane servitor
 12733 | D        | Noticed a nagaraja
 12734 | D        | Reached skill level 15 in Armour
 12734 | D        | Reached skill level 15 in Shields
 12734 | D        | Noticed a bone dragon
 12735 | D        | Killed a profane servitor
 12736 | D        | Killed a daeva
 12742 | D        | Killed a bone dragon
 12743 | D        | Reached skill level 10 in Summonings
 12745 | D        | Killed a nagaraja
 12746 | D        | Reached skill level 19 in Spellcasting
 12769 | D        | Got the +9 broad axe of Pyromania {antimagic, Str+2}
 12781 | D        | Learned a level 5 spell: Manifold Assault
 12905 | D        | Noticed a titan
 12952 | D        | Reached skill level 10 in Fire Magic
 12952 | D        | Reached skill level 10 in Ice Magic
 12954 | D        | Killed a titan
 13061 | D        | Got a silver rune of Zot
 13157 | D        | Learned a level 2 spell: Blink
 13168 | D        | Learned a level 3 spell: Lesser Beckoning
 13176 | D        | Noticed a tentacled monstrosity
 13178 | D        | Noticed a nagaraja
 13180 | D        | Gained mutation: Your body sometimes deteriorates upon
                  | taking damage. [a cacodemon]
 13183 | D        | Gained mutation: You are very weak. (Str -4) [a cacodemon]
 13186 | D        | Killed a nagaraja
 13187 | D        | Reached skill level 15 in Translocations
 13187 | D        | Killed a tentacled monstrosity
 13188 | D        | Reached XP level 17. HP: 103/162 MP: 2/36
 14350 | D        | Noticed the 27-headed Lernaean hydra
 14355 | D        | Reached skill level 20 in Spellcasting
 14356 | D        | Killed the 27-headed Lernaean hydra
 14772 | D        | Noticed an acid blob
 14776 | D        | Killed an acid blob
 14963 | D        | Found the +6 sword of Cerebov {flame}
 14963 | D        | Noticed Cerebov
 14970 | D        | Demolished by Cerebov

Illustrated notes

Levels and vault maps discovered:
D:        pitsprint [storerooms_1, entrance_room_1, metal_vault_5, armoury_2,
          mini_pit_1, grid_room_1, main_hall_1, silver_pit, the_coven_3,
          the_vestibule_1, steel_vault_1, golden_pit, hallway_of_sentries,
          crystal_vault_1, iron_vault_3, final_vault]

Skill      XL: |  1  2  3  4  5  6  7  8  9 10 11 12 13 14 15 16 17 |
---------------+----------------------------------------------------+-----
Shields        | 4 5 6 7 8 9 11 12 13 14 16 | 16.4
Armour         | 4 5 6 7 8 9 11 12 13 14 16 | 16.4
Invocations    | 4 5 7 8 10 11 12 14 | 14.0
Axes           | 5 7 9 10 12 13 15 18 | 18.0
Fighting       | 5 6 7 8 9 10 11 12 14 16 17 18 19 | 19.2
Spellcasting   | 4 6 8 10 12 15 17 18 19 20 | 20.1
Dodging        | 2 3 5 6 8 10 11 13 14 | 14.9
Summonings     | 5 9 12 | 12.7
Poison Magic   | 6 |  6.9
Translocations | 2 10 15 16 | 16.0
Fire Magic     | 1 7 10 11 | 11.6
Ice Magic      | 1 7 10 11 | 11.6

Action                   |  1- 3 |  4- 6 |  7- 9 | 10-12 | 13-15 | 16-18 || total
-------------------------+-------+-------+-------+-------+-------+-------++-------
Melee: Hand axe          |    36 |    26 |     5 |       |       |       ||    67
       War axe           |     1 |       |       |       |       |       ||     1
       Broad axe         |       |       |    18 |    85 |   226 |    92 ||   421
       Constrict         |       |       |       |       |    46 |    21 ||    67
       Morningstar       |       |       |       |       |    14 |       ||    14
       Lance             |       |       |       |       |     7 |       ||     7
Throw: Dart              |       |       |       |       |     2 |       ||     2
 Cast: Blink             |       |       |       |       |       |     1 ||     1
       Manifold Assault  |       |       |       |       |       |     2 ||     2
Invok: Slouch            |       |     1 |     7 |    24 |    65 |    26 ||   123
       Bend Time         |       |       |       |       |     1 |       ||     1
  Use: Potion            |     4 |       |       |       |    13 |     8 ||    25
       Scroll            |       |       |       |       |     9 |     1 ||    10
 Stab: Paralysed         |       |       |       |       |     1 |       ||     1
Armor: Scale mail        |    14 |       |       |       |       |       ||    14
       Chain mail        |     6 |     9 |     2 |       |       |       ||    17
       Plate armour      |       |       |     9 |    47 |     3 |       ||    59
       Gold dragon scale |       |       |       |       |   115 |    85 ||   200
Dodge: Dodged            |    14 |     3 |    15 |    28 |    88 |    61 ||   209
Block: Buckler           |    11 |     5 |    13 |    15 |       |       ||    44
       Kite shield       |       |       |       |    49 |   222 |   114 ||   385
       Reflection        |       |       |       |       |     2 |     5 ||     7
